 Dungeon Crawl Stone Soup version 0.27-a0-1529-g1e82c303ef (webtiles) character file.

Game seed: 1683927859207468501

242 Conn the Firebug (level 6, -3/36 HPs)
             Began as an Octopode Fire Elementalist on July 12, 2021.
             Slain by an ufetubus (5 damage)
             ... on level 5 of the Dungeon.
             The game lasted 00:09:16 (3686 turns).

Conn the Firebug (Octopode Fire Elementalist)       Turns: 3686, Time: 00:09:19

Health: -3/36      AC:  1    Str:  5 (8)  XL:     6   Next: 9%
Magic:  8/10       EV: 13    Int: 18 (19) God:
Gold:   132        SH:  0    Dex:  9 (12) Spells: 3/10 levels left

rFire    . . .     SeeInvis .   i - +1 dagger (venom)
rCold    . . .     Faith    .   (no shield)
rNeg     . . .     Spirit   .   (helmet restricted)
rPois    .         Reflect  .   (no amulet)
rElec    .         Harm     .   (no ring)
rCorr    .         Rampage  .   (no ring)
Will     .....                  (no ring)
Stlth    +++.......             (no ring)
HPRegen  0.12/turn              (no ring)
MPRegen  0.12/turn              (no ring)
                                (no ring)
                                (no ring)

@: attractive
A: almost no armour, amphibious, 8 rings, camouflage 1, gelatinous body 1,
(nimble swimmer 1), tentacles
a: no special abilities


You were on level 5 of the Dungeon.
You visited 2 branches of the dungeon, and saw 6 of its levels.

You collected 132 gold pieces.

Inventory:

Hand Weapons
 b - a +0 dagger
 i - a +1 dagger of venom (weapon)
Armour
 d - a +0 tower shield
Magical Staves
 h - a staff of cold
Wands
 l - a wand of iceblast (7)
Scrolls
 g - a scroll of torment
 j - a scroll of amnesia {unknown}


   Skills:
 + Level 2.7 Dodging
 + Level 4.0 Stealth
 + Level 0.1 Unarmed Combat
 + Level 2.7 Spellcasting
 * Level 3.0 Conjurations
 * Level 4.6 Fire Magic


You had 3 spell levels left.
You knew the following spells:

 Your Spells              Type           Power      Damage    Failure   Level
a - Foxfire               Conj/Fire      64%        2x1d7     3%          1
b - Conjure Flame         Conj/Fire      16%        6-21      11%         3
c - Inner Flame           Hex/Fire       10%        N/A       21%         3

Your spell library contained the following spells:

 Spells                   Type           Power      Damage    Failure   Level
 Sticky Flame             Conj/Fire      16%        2d4       34%         4
 Fireball                 Conj/Fire      8%         3d6       67%         5


Dungeon Overview and Level Annotations

Branches:
Dungeon (5/15)             Temple (1/1) D:4

Altars:
Ashenzari
Cheibriados
Dithmenos
Fedhas
Gozag
Makhleb
Okawaru
Qazlal
Trog
Wu Jian
Zin
The Shining One

Annotations:
D:2 Terence


Innate Abilities, Weirdness & Mutations

You cannot wear most types of armour.
You are amphibious.
You can wear up to eight rings at the same time.
Your skin changes colour to match your surroundings (Stealth+).
Your rubbery body absorbs attacks. (AC +1, EV +1)
((You are camouflaged near water. (Stealth+)))
You have tentacles for arms and can constrict up to eight enemies at once.


Message History

You hit the centaur zombie.
The centaur zombie is moderately damaged.
The centaur zombie hits you. The centaur zombie barely misses you.
Casting: Foxfire (safe; 3% risk of failure)
Confirm with . or Enter, or press ? or * to list all spells.
Okay, then.
It was a potion of attraction.
You feel attractive to monsters. The centaur zombie hits you.
The centaur zombie closely misses you. The centaur zombie hits you.
The centaur zombie kicks you but does no damage.
The ufetubus is pulled toward you!
It was a potion of degeneration.
There was something very wrong with that liquid.
You feel weakened.
You feel dopey.
You feel clumsy. The ufetubus barely misses you.
The ufetubus closely misses you. The centaur zombie closely misses you.
The centaur zombie kicks you.
As you read the scroll labelled ZONNENW YSIASM, it crumbles to dust.
You feel aware of your surroundings.
You sensed 2 altars, and 1 shop/portal.
It was a scroll of magic mapping.
The ufetubus hits you.
* * * LOW HITPOINT WARNING * * *
The ufetubus misses you. The centaur zombie hits you.
* * * LOW HITPOINT WARNING * * *
The centaur zombie kicks you.
* * * LOW HITPOINT WARNING * * *
The ufetubus barely misses you. The ufetubus closely misses you.
Okay, then.
You aren't carrying any potions.
Unknown command.
Unknown command.
Unknown command.
As you read the scroll labelled JIUJEC TOYL PEC, it crumbles to dust.
It is a scroll of identify.
g - a scroll of torment The centaur zombie hits you.
* * * LOW HITPOINT WARNING * * *
The centaur zombie kicks you.
* * * LOW HITPOINT WARNING * * *
The ufetubus barely misses you. The ufetubus hits you.
You die...

,,,,>**
*,,,,,,,,,,,,,,,*,,,,,
******
*,...........,,,*,,,,,
*,,..........,,,******
*,,......)...,,,* *
***#.......#***** *
#.......# * #.......#
* #.Z5....# ******
#.@.....# *,,,,,
#.......# *,,,,,
#.......# *,,,,,
#.......# *,,,,,
#.......# *,,,,,
#.......# *,,,,,
######### ****** * *


You could see an ufetubus and a centaur zombie.

Vanquished Creatures
  A jelly (D:4)
  2 orc priests (D:3)
  8 adders
  An ufetubus (D:4)
  2 dart slugs
  10 orcs
  3 ball pythons
  5 bats
  2 endoplasms (D:3)
  5 giant cockroaches
  3 hobgoblins
  3 jackals (D:1)
  A quokka (D:1)
  A frilled lizard (D:2)
  8 goblins
  4 kobolds
  9 rats
68 creatures vanquished.

Vanquished Creatures (others)
  176 foxfires
  2 plants (D:3)
178 creatures vanquished.

Grand Total: 246 creatures vanquished

Notes
Turn   | Place    | Note
-------+----------+-------------------------------------------
     0 | D:1      | Conn the Octopode Fire Elementalist began the quest for the
                  | Orb.
     0 | D:1      | Reached XP level 1. HP: 11/11 MP: 3/3
    25 | D:1      | Found a faded altar of an unknown god.
   207 | D:1      | Reached XP level 2. HP: 17/17 MP: 0/5
  1140 | D:2      | Noticed Terence
  1264 | D:2      | Reached XP level 3. HP: 21/21 MP: 2/6
  1268 | D:2      | Learned a level 3 spell: Conjure Flame
  1960 | D:3      | Reached XP level 4. HP: 15/27 MP: 4/7
  2220 | D:3      | Found a blossoming altar of Fedhas.
  2768 | D:3      | Found a shadowy altar of Dithmenos.
  2861 | D:2      | Learned a level 3 spell: Inner Flame
  2991 | D:3      | Reached XP level 5. HP: 31/31 MP: 4/9
  3356 | D:4      | Found a staircase to the Ecumenical Temple.
  3369 | D:4      | Reached XP level 6. HP: 26/36 MP: 5/10
  3376 | Temple   | Entered the Ecumenical Temple
  3614 | D:4      | Noticed a steam dragon
  3630 | D:5      | Entered Level 5 of the Dungeon
  3686 | D:5      | Slain by an ufetubus

Illustrated notes

Levels and vault maps discovered:
D:1:      mainiacjoe_arrival_reflecting_pool, layout_basic,
          hellmonk_ecumenical_altar_run_dry, minmay_split_cup_small
D:2:      layout_basic, grunt_ministairs_5, uniq_jessica, uniq_terence
D:3:      kennysheep_the_goblin_king, layout_basic,
          mainiacjoe_overflow_alcove_1, fedhas_ov_isle_minmay,
          minmay_fountain_box, chequers_serial_rivers_room_b
D:4:      layout_basic, mainiacjoe_overflow_surrounded_room,
          minmay_temple_entry_glass, minmay_crystal_room
D:5:      layout_basic, gammafunk_temple_overflow_statue, serial_shops, shop,
          amcnicky_mini_pool_medium, uniq_eustachio
Temple:   cyrus_temple_forest

Skill      XL: |  1  2  3  4  5  6 |
---------------+-------------------+-----
Stealth        | 3 4 |  4.0
Fire Magic     | 4 |  4.6
Conjurations   | 2 3 |  3.0
Dodging        | |  2.7
Unarmed Combat | |  0.1
Spellcasting   | |  2.7

Action                   |  1- 3 |  4- 6 || total
-------------------------+-------+-------++-------
Melee: Unarmed           |     5 |       ||     5
       Constrict         |     2 |     9 ||    11
       Tentacles         |     2 |     6 ||     8
       Dagger            |     2 |    23 ||    25
 Cast: Foxfire           |    52 |    48 ||   100
       Inner Flame       |       |     1 ||     1
  Use: Potion            |       |     4 ||     4
       Scroll            |       |     2 ||     2
 Stab: Sleeping          |     2 |       ||     2
Armor: Skin              |     1 |     3 ||     4
Dodge: Dodged            |    12 |    24 ||    36

Table legend: (Time is in decaauts)
 A = Elapsed time spent in this place.
 B = Non-inter-level travel time spent in this place.
 C = Inter-level travel time spent in this place.
 D = Time resting spent in this place.
 E = Time spent auto-exploring this place.
 F = Levels seen in this place.
 G = Mean time per level.
                   A        B        C        D        E       F      G
               +--------+--------+--------+--------+--------+-----+--------+
         Total |   3686 |   3601 |     85 |    492 |   2242 |   6 |  614.3 |
       Dungeon |   3518 |   3458 |     60 |    492 |   2115 |   5 |  703.6 |
        Temple |    167 |    142 |     25 |      0 |    127 |   1 |  167.0 |
               +--------+--------+--------+--------+--------+-----+--------+

Top non-repeatable levels by time:
     D:3: 1521 daAuts
     D:1: 1116 daAuts
     D:2: 639 daAuts
     D:4: 185 daAuts
  Temple: 167 daAuts
     D:5: 55 daAuts
